 Dungeon Crawl Stone Soup version 0.26-a0-850-g97a50ab700 (webtiles) character file.

Game seed: 13989251390139525639

14393 dickylongcocking the Blocker (level 12, -1/97 HPs)
             Began as a Formicid Fighter on Nov 21, 2020.
             Was a High Priest of Okawaru.
             Slain by a white ugly thing (22 damage)
             ... on level 12 of the Dungeon.
             The game lasted 00:14:09 (14986 turns).

dickylongcocking the Blocker (Formicid Fighter)    Turns: 14986, Time: 00:14:09

Health: -1/97      AC: 17    Str: 23    XL:     12   Next: 44%
Magic:  8/8        EV: 11    Int:  9    God:    Okawaru [*****.]
Gold:   598        SH: 12    Dex: 12    Spells: 11/11 levels left

rFire    . . .     SeeInvis +   T - +3 lajatang (antimagic)
rCold    . . .     Faith    .   c - +0 kite shield
rNeg     . . .     Spirit   .   y - +0 plate armour
rPois    .         Reflect  .   (helmet unavailable)
rElec    .         Harm     .   I - +0 cloak
rCorr    .         Rampage  .   F - +0 pair of gloves {archery}
MR       +....                  (no boots)
Stlth    ..........             (no amulet)
HPRegen  0.26/turn              B - +4 ring of evasion
MPRegen  0.11/turn              q - ring of magical power

@: no status effects
A: permanent stasis, dig shafts and tunnels, four strong arms, antennae 3
a: Dig, Shaft Self, Heroism, Finesse, Renounce Religion


You were on level 12 of the Dungeon.
You worshipped Okawaru.
Okawaru was extremely pleased with you.
You visited 1 branch of the dungeon, and saw 12 of its levels.

You collected 598 gold pieces.

Inventory:

Hand Weapons
 a - a +0 quarterstaff
 h - a -1 whip
 O - a +0 vorpal quarterstaff
 T - a +3 antimagic lajatang (weapon)
Missiles
 s - 15 poisoned darts
 u - 10 javelins (quivered)
 S - 57 bolts
Armour
 b - a +0 scale mail
 c - a +0 kite shield (worn)
 d - a +0 tower shield
 y - a +0 plate armour (worn)
 F - a +0 pair of gloves of archery (worn)
 I - a +0 cloak (worn)
Jewellery
 l - an uncursed amulet of regeneration
 q - a ring of magical power (right hand)
 B - a +4 ring of evasion (left hand)
 P - an uncursed ring of protection from fire
Wands
 m - a wand of iceblast (25)
 v - a wand of paralysis (5)
 E - a wand of random effects (23)
 J - a wand of acid (1)
 N - a wand of enslavement (12)
Scrolls
 i - 2 scrolls of fog
 n - 2 scrolls of enchant armour {unknown}
 o - a scroll of remove curse
 p - a scroll of immolation
 r - 4 scrolls of enchant weapon
 D - 2 scrolls of teleportation {unknown}
 G - a scroll of blinking
 Q - 2 scrolls of magic mapping
 R - 2 scrolls of random uselessness {unknown}
Potions
 e - 3 potions of attraction
 f - 2 potions of invisibility {unknown}
 g - 3 potions of mutation
 j - a potion of berserk rage
 k - a potion of cancellation
 t - 3 potions of degeneration {unknown}
 w - 2 potions of brilliance {unknown}
 x - a potion of ambrosia {unknown}
 z - 3 potions of haste {unknown}
 A - 3 potions of heal wounds {unknown}
 C - a potion of lignification {unknown}
 H - a potion of flight {unknown}
 K - 2 potions of curing
 M - 3 potions of might


   Skills:
 * Level 10.1 Fighting
 * Level 9.1 Staves
 * Level 2.7 Crossbows
 * Level 9.2 Armour
 * Level 11.0 Shields
 * Level 7.4 Invocations
 * Level 6.6 Evocations


You had 11 spell levels left.
You didn't know any spells.
Your spell library contained the following spells:

 Spells                   Type           Power        Failure   Level
 Confusing Touch          Hex            #.......     100%        3
 Gell's Gravitas          Tloc           #.........   100%        3
 Petrify                  Tmut/Erth      #.......     100%        4
 Metabolic Englaciation   Hex/Ice        #.........   100%        5
 Yara's Violent Unravell  Hex/Tmut       #.........   100%        5


Dungeon Overview and Level Annotations

Branches:
Dungeon (12/15)            Temple (0/1) D:6            Lair (0/6) D:9
    Orc (0/2) D:11

Altars:
Cheibriados
Fedhas
Gozag
Hepliaklqana
Kikubaaqudgha
Nemelex Xobeh
Okawaru
Qazlal
Sif Muna
Uskayaw
Vehumet
Zin

Shops:
D:11 [

Annotations:
D:4 Pikel
D:8 2 transporters


Innate Abilities, Weirdness & Mutations

You cannot be hasted, slowed, berserked, paralysed or teleported.
You can dig through walls and to a lower floor.
Your four strong arms can wield two-handed weapons with a shield.
You have a pair of large antennae on your head. (SInv)


Message History

The white ugly thing is moderately wounded.
The white ugly thing barely misses you.
You slash the white ugly thing!
The white ugly thing is heavily wounded.
You slice the white ugly thing!!
The white ugly thing is severely wounded.
The white ugly thing barely misses you.
You barely miss the white ugly thing.
The white ugly thing is severely wounded.
You block the white ugly thing's attack.
You closely miss the white ugly thing.
The white ugly thing is severely wounded.
The white ugly thing headbutts you! The white ugly thing freezes you!!
* * * LOW HITPOINT WARNING * * *
You hit the white ugly thing but do no damage.
The white ugly thing is severely wounded.
The white ugly thing headbutts you!
* * * LOW HITPOINT WARNING * * *
The white ugly thing freezes you!!
You die...

#)#####..>.....
#<# #.#####.# #.#
#.# #.# #.# #.#
#)#####.# #.#
#........ #.#
#รท#####.####
#.#####[#####.....
#......[..@u......
#..####.#.#.#..###
......... #
###.#.#.#..#
#.....#...#
#.#.### #.# #.#.#
.# #)#.# #


You could see a white ugly thing.

Vanquished Creatures
  Gastronok (D:10)
  A hydra (D:11)
  A death knight (D:12)
  Urug (D:10)
  Maurice (D:10)
  2 trolls (D:11)
  3 hornets
  Sigmund (D:2)
  13 yaks
  Grum (D:10)
  4 water moccasins (D:9)
  Duvessa (D:7)
  6 black bears
  5 sky beasts
  An eye of draining (D:12)
  4 orc warriors
  3 ice beasts
  2 necrophages (D:6)
  5 phantoms
  4 ogres
  4 wolves (D:10)
  6 centaurs
  9 bullfrogs
  2 wyvern zombies
  Dowan (D:7)
  2 scorpions
  6 killer bees (D:11)
  14 wights
  4 howler monkeys
  2 centaur zombies
  2 bullfrog zombies
  10 hounds
  2 jellies
  5 orc priests
  3 bullfrog skeletons
  A centaur skeleton (D:9)
  7 iguanas
  Ijyb (D:5)
  Terence (D:3)
  9 worker ants
  7 orc wizards
  A hound skeleton (D:4)
  3 worker ant zombies (D:11)
  8 adders
  4 gnolls (D:8)
  A white imp (D:6)
  3 ufetubi
  2 oozes
  An adder zombie (D:8)
  An adder skeleton (D:8)
  2 worms
  A dart slug (D:1)
  3 leopard geckos
  40 orcs
  7 bats
  4 giant cockroaches
  5 goblins
  4 hobgoblins
  20 jackals
  6 quokkas
  A ball python (D:3)
  6 frilled lizards
  4 kobolds
  A leopard gecko skeleton (D:5)
  A leopard gecko zombie (D:5)
  5 rats
292 creatures vanquished.

Vanquished Creatures (others)
  44 fungi (D:9)
  54 plants
98 creatures vanquished.

Grand Total: 390 creatures vanquished

Notes
Turn   | Place    | Note
-------+----------+-------------------------------------------
     0 | D:1      | dickylongcocking the Formicid Fighter began the quest for
                  | the Orb.
     0 | D:1      | Reached XP level 1. HP: 18/18 MP: 1/1
   176 | D:1      | Reached XP level 2. HP: 24/24 MP: 2/2
   214 | D:1      | Reached skill level 4 in Shields
   448 | D:1      | Reached XP level 3. HP: 30/30 MP: 3/3
  1261 | D:2      | Reached XP level 4. HP: 20/37 MP: 4/4
  1575 | D:2      | Noticed Sigmund
  1591 | D:2      | Killed Sigmund
  1592 | D:2      | Reached skill level 5 in Shields
  1592 | D:2      | Reached XP level 5. HP: 26/43 MP: 5/5
  1592 | D:2      | Reached XP level 6. HP: 30/50 MP: 6/6
  1874 | D:2      | Found a blossoming altar of Fedhas.
  2002 | D:2      | Found a snail-covered altar of Cheibriados.
  2008 | D:2      | Found an iron altar of Okawaru.
  2162 | D:2      | Became a worshipper of Warmaster Okawaru
  2717 | D:3      | Reached skill level 5 in Fighting
  3196 | D:3      | Noticed Terence
  3201 | D:3      | Killed Terence
  3578 | D:4      | Reached XP level 7. HP: 50/56 MP: 7/7
  3783 | D:4      | Found a shimmering blue altar of Sif Muna.
  3785 | D:4      | Found a radiant altar of Vehumet.
  3787 | D:4      | Found an ancient bone altar of Kikubaaqudgha.
  3812 | D:4      | Reached skill level 6 in Shields
  3847 | D:4      | Noticed Pikel
  3867 | D:4      | You fall into a shaft and drop 2 floors!
  3867 | D:6      | Found an opulent altar of Gozag.
  3879 | D:6      | Reached * piety under Okawaru
  3938 | D:6      | Reached XP level 8. HP: 14/62 MP: 8/8
  4198 | D:6      | Reached skill level 5 in Staves
  4535 | D:6      | Reached ** piety under Okawaru
  4681 | D:6      | Reached skill level 7 in Shields
  4941 | D:5      | Entered Level 5 of the Dungeon
  5019 | D:5      | Noticed a hornet
  5043 | D:5      | Killed a hornet
  5044 | D:5      | Reached skill level 5 in Armour
  5815 | D:5      | Reached XP level 9. HP: 53/71 MP: 9/9
  6215 | D:5      | Noticed Ijyb
  6227 | D:5      | Killed Ijyb
  6564 | D:6      | Found a glowing silver altar of Zin.
  6587 | D:6      | Reached skill level 8 in Shields
  6765 | D:6      | Found a staircase to the Ecumenical Temple.
  7086 | D:7      | Noticed Dowan
  7087 | D:7      | Noticed Duvessa
  7097 | D:7      | Killed Duvessa
  7098 | D:7      | Killed Dowan
  7098 | D:7      | Reached *** piety under Okawaru
  7307 | D:7      | Reached skill level 1 in Invocations
  7307 | D:7      | Reached skill level 1 in Evocations
  7410 | D:7      | Found a stormy altar of Qazlal.
  8042 | D:7      | You fall into a shaft and drop 3 floors!
  8042 | D:10     | Entered Level 10 of the Dungeon
  8042 | D:10     | Noticed Grum
  8045 | D:10     | You fall into a shaft and drop 1 floor!
  8133 | D:11     | Reached XP level 10. HP: 80/80 MP: 11/11
  8434 | D:11     | Reached skill level 9 in Shields
  8866 | D:11     | Found a staircase to the Orcish Mines.
  8981 | D:11     | Reached **** piety under Okawaru
  9223 | D:10     | Noticed Gastronok
  9579 | D:10     | Killed Gastronok
  9579 | D:10     | Reached ***** piety under Okawaru
  9580 | D:10     | Reached XP level 11. HP: 78/87 MP: 12/14
  9694 | D:10     | Noticed Urug
  9696 | D:10     | Reached skill level 5 in Invocations
  9718 | D:10     | Killed Urug
  9718 | D:10     | Received a gift from Okawaru
  9730 | D:10     | Noticed Maurice
  9751 | D:10     | Killed Maurice
  9752 | D:10     | Reached skill level 10 in Shields
  9772 | D:10     | Reached skill level 5 in Evocations
 10172 | D:10     | Killed Grum
 10411 | D:9      | Found a hide-covered altar of Uskayaw.
 11235 | D:9      | Found a staircase to the Lair.
 12116 | D:8      | Found a sparkling altar of Nemelex Xobeh.
 12436 | D:8      | Found a transporter.
 12621 | D:8      | Reached skill level 1 in Crossbows
 12768 | D:8      | Found a transporter.
 12881 | D:8      | Found a hazy altar of Hepliaklqana.
 13374 | D:11     | Reached XP level 12. HP: 86/97 MP: 17/17
 13726 | D:11     | Found Yrukk's Armour Shop.
 13727 | D:11     | Noticed a five-headed hydra
 13742 | D:11     | Killed a five-headed hydra
 13864 | D:11     | Received a gift from Okawaru
 13870 | D:11     | Reached skill level 10 in Fighting
 14597 | D:11     | Identified a scroll of acquirement
 14597 | D:11     | Acquired a +0 pair of gloves of archery
 14648 | D:12     | Noticed a death knight
 14889 | D:12     | Killed a death knight
 14890 | D:12     | Reached skill level 11 in Shields
 14986 | D:12     | Slain by a white ugly thing

Illustrated notes

Levels and vault maps discovered:
D:1:      scummos_arrival_simple_fountains, layout_basic
D:2:      layout_loops_cross, minitemple, old_standard_altar,
          minmay_strange_pillars, uniq_sigmund
D:3:      layout_basic, uniq_terence
D:4:      layout_basic, grunt_temple_overflow_magic_moments,
          lemuel_doored_altar, fedhas_altar_1, uniq_pikel
D:5:      layout_loops_corners, uniq_ijyb
D:6:      layout_loops_ring, kennysheep_little_box, minmay_temple_entry_grid,
          basic_altar
D:7:      layout_loops_ring, nicolae_overflow_crystal_walls, serial_rivers,
          chequers_serial_rivers_micro_a, chequers_serial_rivers_small_a,
          chequers_serial_rivers_micro_e, chequers_serial_rivers_micro_d,
          chequers_serial_rivers_marsh, chequers_serial_rivers_room_a,
          uniq_duvessa
D:8:      gammafunk_steamed_eel, layout_basic, lemuel_coloured_pillars_altar,
          overflow_temple_1_default
D:9:      layout_loops_ring, kennysheep_mini_moat, due_lair_maze_entry_diamond
D:10:     layout_cave_pools, uniq_gastronok, uniq_urug, uniq_maurice, uniq_grum
D:11:     layout_gridville, david_orc_2, minmay_misc_feat_chi,
          kennysheep_small_square
D:12:     minmay_blocky_corners, layout_loops_ring, kennysheep_diamond

Skill      XL: |  1  2  3  4  5  6  7  8  9 10 11 12 |
---------------+-------------------------------------+-----
Shields        | 4 5 6 7 8 9 10 11 | 11.0
Fighting       | 4 5 6 7 8 9 10 | 10.1
Staves         | 3 4 5 6 7 8 9 |  9.1
Armour         | 4 5 6 7 8 9 |  9.2
Invocations    | 2 4 6 7 |  7.4
Evocations     | 2 4 6 |  6.6
Crossbows      | 1 2 |  2.7

Action                   |  1- 3 |  4- 6 |  7- 9 | 10-12 || total
-------------------------+-------+-------+-------+-------++-------
Melee: Quarterstaff      |    67 |   164 |   498 |   814 ||  1543
       Whip              |    72 |       |       |       ||    72
       Lajatang          |       |       |       |    41 ||    41
Throw: Javelin           |       |       |     6 |       ||     6
       Dart              |       |       |     1 |       ||     1
Invok: Heroism           |       |       |     2 |    15 ||    17
       Finesse           |       |       |       |     2 ||     2
 Abil: Shaft Self        |       |       |     2 |       ||     2
       Dig               |       |       |       |     1 ||     1
Evoke: Wand              |       |       |     6 |    14 ||    20
  Use: Scroll            |     3 |     3 |     4 |     3 ||    13
       Potion            |       |     1 |     2 |       ||     3
Armor: Scale mail        |    54 |    78 |    83 |       ||   215
       Plate armour      |       |       |   113 |   291 ||   404
Dodge: Dodged            |    52 |    51 |   133 |   330 ||   566
Block: Kite shield       |    74 |   120 |   256 |   546 ||   996
       Tower shield      |       |       |    73 |       ||    73

Table legend: (Time is in decaauts)
 A = Elapsed time spent in this place.
 B = Non-inter-level travel time spent in this place.
 C = Inter-level travel time spent in this place.
 D = Time resting spent in this place.
 E = Time spent auto-exploring this place.
 F = Levels seen in this place.
 G = Mean time per level.
                   A        B        C        D        E       F      G
               +--------+--------+--------+--------+--------+-----+--------+
         Total |  14895 |  14378 |    517 |   2871 |   8614 |  12 | 1241.2 |
       Dungeon |  14895 |  14378 |    517 |   2871 |   8614 |  12 | 1241.2 |
               +--------+--------+--------+--------+--------+-----+--------+

Top non-repeatable levels by time:
    D:11: 2927 daAuts
     D:6: 1803 daAuts
     D:2: 1580 daAuts
     D:5: 1429 daAuts
     D:7: 1298 daAuts
     D:9: 1197 daAuts
    D:10: 1092 daAuts
     D:8: 1090 daAuts
     D:1: 1024 daAuts
     D:3: 1013 daAuts
     D:4: 302 daAuts
    D:12: 136 daAuts
